 Dungeon Crawl Stone Soup version 0.29-a0-321-gf1c400731a (webtiles) character file.

Game seed: 15250235117857242395

1919 jlumianski the Chopper (level 8, -2/73 HPs)
             Began as a Demonspawn Fighter on Apr 4, 2022.
             Slain by a two-headed ogre
             ... wielding a +0 giant club
              (15 damage)
             ... on level 7 of the Dungeon.
             The game lasted 00:21:54 (6538 turns).

jlumianski the Chopper (Demonspawn Fighter)         Turns: 6538, Time: 00:21:54

Health: -2/73      AC: 19    Str: 20    XL:     8   Next: 95%
Magic:  8/8        EV:  8    Int:  9    God:
Gold:   319        SH:  9    Dex: 12    Spells: 7/7 levels left

rFire   . . .      SeeInvis .   a - +1 war axe
rCold   + + .      Faith    .   w - +0 buckler {AC+3}
rNeg    . . .      Spirit   .   p - +0 chain mail
rPois   .          Reflect  .   (no helmet)
rElec   .          Harm     .   E - +0 cloak
rCorr   .          Rampage  .   (no gloves)
Will    .....      Rage     1%  i - +0 pair of boots
Stlth   ..........              (no amulet)
HPRegen 0.22/turn               v - +4 ring of protection
MPRegen 0.11/turn               l - ring of protection from cold

@: no status effects
A: hooves 1, powered by death 2, condensation shield, berserk 1, cold resistance
1, robust 2
a: no special abilities


You were on level 7 of the Dungeon.
You visited 2 branches of the dungeon, and saw 9 of its levels.

You collected 319 gold pieces.

Inventory:

Hand Weapons
 a - a +1 war axe (weapon)
 j - a +0 dagger of speed
 k - a +2 dagger of electrocution
 q - a +2 dagger of flaming
 D - a +2 vampiric spear
 F - a +1 morningstar
Missiles
 f - 7 boomerangs (quivered)
 h - 210 stones
 y - a throwing net
 C - 4 poisoned darts
Armour
 b - a +0 scale mail
 c - a +0 buckler
 i - a +0 pair of boots (worn)
 p - a +0 chain mail (worn)
 w - a +0 buckler of protection (worn)
 E - a +0 cloak (worn)
Magical Staves
 G - a staff of death
Jewellery
 e - a ring of resist corrosion
 l - a ring of protection from cold (right hand)
 v - a +4 ring of protection (left hand)
Scrolls
 g - a scroll of amnesia
 m - a scroll of fear
 t - 4 scrolls of teleportation
Potions
 d - 2 potions of curing
 n - a potion of haste
 o - 3 potions of brilliance
 r - 2 potions of degeneration
 s - a potion of magic
 u - a potion of berserk rage
 x - a potion of flight
 z - a potion of heal wounds
 A - a potion of ambrosia {unknown}
 B - a potion of lignification {unknown}
 H - a potion of cancellation {unknown}


   Skills:
 + Level 4.8 Fighting
 + Level 7.1 Axes
 + Level 1.7 Throwing
 + Level 5.0 Armour
 + Level 2.3 Dodging
 + Level 0.1 Stealth
 + Level 5.4 Shields


You had 7 spell levels left.
You didn't know any spells.
Your spell library contained the following spells:

 Spells                   Type           Power      Damage    Failure   Level
 Dazzling Flash           Conj/Hex       0%         N/A       100%        3
 Agony                    Necr           0%         N/A       100%        5
 Silence                  Hex/Air        0%         N/A       100%        5


Dungeon Overview and Level Annotations

Branches:
Dungeon (8/15)             Temple (1/1) D:4
   Lair: D:8-11

Altars:
Ashenzari
Dithmenos
Elyvilon
Fedhas
Gozag
Hepliaklqana
Kikubaaqudgha
Makhleb
Nemelex Xobeh
Sif Muna
Trog
Wu Jian
Xom
Zin
The Shining One

Shops:
D:7 *


Innate Abilities, Weirdness & Mutations

You have large cloven feet.
You regenerate health from kills.
A meltable shield of frost defends you. (SH +4)
You tend to lose your temper in combat.
Your flesh is cold resistant. (rC+)
You are very robust. (+20% HP)


Message History

Press: ? - help, Q - select action, (/) - cycle Shift-Dir - straight line, f/p - two-headed ogre
Aim: a two-headed ogre, wielding two +0 giant clubs (lightly wounded, 74% to hit)
You throw a boomerang. The boomerang hits the two-headed ogre.
The two-headed ogre is moderately wounded.
You slash the two-headed ogre!
The two-headed ogre is moderately wounded.
The two-headed ogre hits you with a +0 giant club.
You block the two-headed ogre's attack.
You hit the two-headed ogre.
The two-headed ogre is moderately wounded.
The two-headed ogre hits you with a +0 giant club!
The two-headed ogre hits you with a +0 giant club!!
You hit the two-headed ogre.
The two-headed ogre is heavily wounded.
You block the two-headed ogre's attack.
The two-headed ogre hits you with a +0 giant club!
You hit the two-headed ogre.
The two-headed ogre is heavily wounded.
You block the two-headed ogre's attack. x2
You slash the two-headed ogre!
The two-headed ogre is severely wounded.
You aren't carrying any items that you can evoke.
You slash the two-headed ogre!
The two-headed ogre is almost dead.
The two-headed ogre completely misses you.
The two-headed ogre barely misses you.
You hit the two-headed ogre.
The two-headed ogre is almost dead.
You block the two-headed ogre's attack. The two-headed ogre barely misses you.
You barely miss the two-headed ogre.
The two-headed ogre is almost dead.
You block the two-headed ogre's attack.
The two-headed ogre hits you with a +0 giant club!
* * * LOW HITPOINT WARNING * * *
You barely miss the two-headed ogre.
The two-headed ogre is almost dead.
You hit the two-headed ogre.
The two-headed ogre is almost dead.
The two-headed ogre hits you with a +0 giant club!
You die...

##.....#.###.####.
#..................
.).....#.####.###.#
######........## .#
.......#...#...# .# ###
#####...#.#....##=##....
#....∩..............
#...#.#.............
#..#...#....@O......
#...........#+##....
#.........#.# .
#.........#.#
#.........#..
#.........##.. ........#
... ####### .... .....


You could see a two-headed ogre.

Vanquished Creatures
  A steam dragon (D:6)
  A sky beast (D:5)
  2 ice beasts
  An ogre (D:5)
  2 centaurs
  2 necrophages (D:5)
  A bullfrog (D:5)
  2 gnoll sergeants (D:6)
  4 scorpions (D:5)
  3 wights
  3 hounds
  A jelly (D:4)
  A gnoll shaman (D:3)
  An iguana (D:4)
  An orc wizard (D:7)
  13 gnolls
  5 adders
  A white imp (D:7)
  An ufetubus (D:6)
  A worm (D:2)
  2 dart slugs (D:2)
  13 orcs
  5 bats
  8 endoplasms
  3 giant cockroaches
  8 goblins
  6 hobgoblins
  8 jackals
  7 quokkas
  7 ball pythons
  4 frilled lizards (D:3)
  2 kobolds
  15 rats
  A spectral hobgoblin (D:2)
136 creatures vanquished.

Vanquished Creatures (collateral kills)
  A jelly (D:5)
  A hound (D:5)
  3 gnolls (D:5)
  A white imp (D:5)
6 creatures vanquished.

Grand Total: 142 creatures vanquished

Notes
Turn   | Place    | Note
-------+----------+-------------------------------------------
     0 | D:1      | jlumianski the Demonspawn Fighter began the quest for the
                  | Orb.
     0 | D:1      | Reached XP level 1. HP: 18/18 MP: 1/1
   325 | D:1      | Gained mutation: You regenerate a little health from kills.
                  | [demonic ancestry]
   325 | D:1      | Reached XP level 2. HP: 24/24 MP: 2/2
   442 | D:1      | Reached skill level 2 in Axes
   775 | D:3      | HP: 1/24 [gnoll/+0 flail (4)]
   780 | D:2      | Gained mutation: A meltable shield of frost defends you.
                  | (SH +4) [demonic ancestry]
   780 | D:2      | Reached XP level 3. HP: 1/29 MP: 3/3
  1864 | D:2      | Gained mutation: You are robust. (+10% HP) [potion of
                  | mutation]
  1864 | D:2      | Gained mutation: Your flesh is cold resistant. (rC+)
                  | [potion of mutation]
  1864 | D:2      | Gained mutation: You tend to lose your temper in combat.
                  | [potion of mutation]
  1864 | D:2      | Gained mutation: You are very robust. (+20% HP) [potion of
                  | mutation]
  2071 | D:2      | Gained mutation: You have large cloven feet. [demonic
                  | ancestry]
  2071 | D:2      | Reached XP level 4. HP: 42/42 MP: 4/4
  2108 | D:2      | Found a faded altar of an unknown god.
  2976 | D:2      | You fall into a shaft and drop 1 floor!
  2995 | D:2      | Reached skill level 3 in Axes
  3443 | D:3      | Reached XP level 5. HP: 49/49 MP: 5/5
  3905 | D:4      | Found a staircase to the Ecumenical Temple.
  3915 | Temple   | Entered the Ecumenical Temple
  4368 | D:5      | Entered Level 5 of the Dungeon
  4401 | D:5      | Reached skill level 4 in Axes
  4401 | D:5      | Reached XP level 6. HP: 53/56 MP: 6/6
  4434 | D:5      | Noticed an ice beast
  4446 | D:5      | Killed an ice beast
  4447 | D:5      | Reached skill level 1 in Throwing
  4505 | D:5      | Reached skill level 1 in Dodging
  4520 | D:5      | Reached XP level 7. HP: 42/62 MP: 7/7
  4630 | D:6      | Found a hazy altar of Hepliaklqana.
  4815 | D:6      | Reached skill level 5 in Axes
  5305 | D:5      | Reached skill level 6 in Axes
  5305 | D:5      | Gained mutation: You regenerate health from kills. [demonic
                  | ancestry]
  5305 | D:5      | Reached XP level 8. HP: 41/72 MP: 8/8
  5513 | D:5      | Reached skill level 5 in Shields
  5756 | D:5      | Found a shimmering altar of Xom.
  6059 | D:6      | Found a sparkling altar of Nemelex Xobeh.
  6328 | D:7      | Reached skill level 7 in Axes
  6328 | D:7      | Reached skill level 5 in Armour
  6498 | D:7      | Found Gero Quz's General Store.
  6524 | D:7      | Noticed a two-headed ogre
  6538 | D:7      | Slain by a two-headed ogre

Illustrated notes

Levels and vault maps discovered:
D:1:      dpeg_arrival_court, layout_basic
D:2:      layout_basic, dreamdust_ecumenical_altar_drowned_temple,
          minmay_rat_gold_closets
D:3:      layout_basic, good_gods_mini_temple
D:4:      layout_loops_ring, minmay_temple_entry_purple_smoke
D:5:      layout_cave_pools, lemuel_coloured_pillars_altar
D:6:      layout_cave_pools, mainiacjoe_overflow_24_doors,
          mainiacjoe_overflow_six_doors_small, chequers_serial_rivers_marsh
D:7:      layout_basic, general_overflow_altar, serial_shops,
          nicolae_shop_advertising_works [nicolae_subvault_shop_adworks]
D:8:      layout_basic
Temple:   jpeg_temple_island

Skill      XL: |  1  2  3  4  5  6  7  8 |
---------------+-------------------------+-----
Armour         | 3 4 5 |  5.0
Axes           | 2 3 4 6 7 |  7.1
Shields        | 3 4 5 |  5.4
Throwing       | 1 |  1.7
Dodging        | 1 2 |  2.3
Fighting       | 4 |  4.8
Stealth        | |  0.1

Action                   |  1- 3 |  4- 6 |  7- 9 || total
-------------------------+-------+-------+-------++-------
Melee: War axe           |    88 |   198 |   252 ||   538
Throw: Stone             |     5 |    16 |       ||    21
       Boomerang         |       |    17 |    18 ||    35
  Use: Potion            |     3 |       |       ||     3
       Scroll            |       |    10 |     4 ||    14
Armor: Scale mail        |    15 |       |       ||    15
       Chain mail        |    25 |   102 |   168 ||   295
Dodge: Dodged            |    46 |    62 |    70 ||   178
Block: Buckler           |    34 |    95 |   134 ||   263

Table legend: (Time is in decaauts)
 A = Elapsed time spent in this place.
 B = Non-inter-level travel time spent in this place.
 C = Inter-level travel time spent in this place.
 D = Time resting spent in this place.
 E = Time spent auto-exploring this place.
 F = Levels seen in this place.
 G = Mean time per level.
                   A        B        C        D        E       F      G
               +--------+--------+--------+--------+--------+-----+--------+
         Total |   6770 |   6693 |     77 |   1253 |   3108 |   9 |  752.2 |
       Dungeon |   6739 |   6662 |     77 |   1253 |   3108 |   8 |  842.4 |
        Temple |     30 |     30 |      0 |      0 |      0 |   1 |   30.0 |
               +--------+--------+--------+--------+--------+-----+--------+

Top non-repeatable levels by time:
     D:1: 1640 daAuts
     D:5: 1466 daAuts
     D:2: 1426 daAuts
     D:3: 779 daAuts
     D:4: 615 daAuts
     D:6: 613 daAuts
     D:7: 186 daAuts
  Temple: 30 daAuts
     D:8: 10 daAuts
